 Dungeon Crawl Stone Soup version 0.29-a0-824-gd827844 (webtiles) character file.

Game seed: 7304131041157298903

44 PurpleRed the Sneak (level 3, -7/21 HPs)
             Began as a Deep Elf Brigand on July 9, 2022.
             Mangled by a gnoll
             ... wielding a +0 flail
              (13 damage)
             ... on level 2 of the Dungeon.
             The game lasted 00:03:08 (393 turns).

PurpleRed the Sneak (Deep Elf Brigand)               Turns: 393, Time: 00:03:09

Health: -7/21      AC:  4    Str:  8    XL:     3   Next: 41%
Magic:  8/9        EV: 12    Int: 17    God:
Gold:   56         SH:  0    Dex: 16    Spells: 7/7 levels left

rFire   . . .      SeeInvis .   a - +2 dagger
rCold   . . .      Faith    .   (no shield)
rNeg    . . .      Spirit   .   b - +0 robe
rPois   .          Reflect  .   (no helmet)
rElec   .          Harm     .   c - +0 cloak
rCorr   .          Rampage  .   i - +0 pair of gloves
Will    .....                   (no boots)
Stlth   +++.......              l - amulet of the acrobat
HPRegen 0.07/turn               (no ring)
MPRegen 0.11/turn               (no ring)

@: no status effects
A: no striking features
a: no special abilities


You were on level 2 of the Dungeon.
You visited 1 branch of the dungeon, and saw 2 of its levels.

You collected 56 gold pieces.

Inventory:

Hand Weapons
 a - a +2 dagger (weapon)
 m - a +0 long sword
Missiles
 d - 2 poisoned darts (quivered)
Armour
 b - a +0 robe (worn)
 c - a +0 cloak (worn)
 i - a +0 pair of gloves (worn)
Jewellery
 l - an amulet of the acrobat (around neck)
Scrolls
 g - a scroll of summoning {unknown}
 k - a scroll of vulnerability {unknown}
Potions
 f - a potion of invisibility {unknown}
 h - 2 potions of resistance {unknown}
 j - a potion of flight {unknown}


   Skills:
 - Level 2.2 Fighting
 - Level 2.0 Short Blades
 - Level 2.0 Throwing
 - Level 1.2 Dodging
 - Level 4.8 Stealth
 + Level 2.8 Spellcasting
 + Level 1.1 Ice Magic


You had 7 spell levels left.
You didn't know any spells.
Your spell library contained the following spells:

 Spells                   Type           Power      Damage    Failure   Level
 Frozen Ramparts          Ice            12%        1d3       32%         3
 Ice Form                 Ice/Tmut       4%         N/A       80%         4
 Summon Ice Beast         Ice/Summ       4%         N/A       80%         4


Dungeon Overview and Level Annotations

Branches:
Dungeon (2/15)

Altars:


Message History

The gnoll is poisoned.
Throw: 6 darts (poison)
Press: ? - help, Q - select action Shift-Dir - straight line, f/p - gnoll
Aim: a gnoll, wielding a +0 spear (almost dead, very poisoned, slow, 65% to hit)
You throw a poisoned dart.
The poisoned dart completely misses the gnoll.
The poisoned dart hits the gnoll.
The gnoll looks even sicker.
The gnoll is almost dead.
Throw: 5 darts (poison)
Press: ? - help, Q - select action Shift-Dir - straight line, f/p - gnoll
Aim: a gnoll, wielding a +0 spear (almost dead, very poisoned, slow, 65% to hit)
You throw a poisoned dart. The poisoned dart hits the gnoll.
The gnoll looks even sicker.
The gnoll is lightly wounded.
The goblin hits you with a +0 club.
Throw: 4 darts (poison)
Press: ? - help, Q - select action Shift-Dir - straight line, f/p - gnoll
Aim: a gnoll, wielding a +0 spear (almost dead, very poisoned, slow, 65% to hit)
You throw a poisoned dart.
The poisoned dart closely misses the gnoll.
You kill the gnoll!
The goblin hits you but does no damage.
Your Ice Magic skill increases to level 1!
Throw: 3 darts (poison)
Press: ? - help, Q - select action Shift-Dir - straight line, f - gnoll
Aim: a gnoll, wielding a +0 flail (moderately wounded, very poisoned, 65% to hit)
You throw a poisoned dart. The poisoned dart hits the gnoll.
The gnoll looks even sicker.
The gnoll is moderately wounded.
The goblin hits you but does no damage.
You hit the gnoll.
The gnoll is almost dead.
The gnoll hits you with a +0 flail.
* * * LOW HITPOINT WARNING * * *
The goblin hits you but does no damage.
You hit the gnoll but do no damage.
The gnoll is almost dead.
The gnoll hits you with a +0 flail!
Ouch! That really hurt!
You die...

..#### #########$#
.....#######.(g@g...!#
#.(...))..#########
#####...#.###
##.....###..# #..#####
##.# ##.## ##.# ...#
.... #### .....
......################


You could see a gnoll (very poisoned) and a goblin.

Vanquished Creatures
  3 gnolls (D:2)
  A worm (D:2)
  2 goblins (D:1)
  A hobgoblin (D:1)
  A kobold (D:1)
  A quokka (D:1)
  2 ball pythons (D:2)
  A bat (D:1)
  A frilled lizard (D:1)
  3 rats (D:1)
16 creatures vanquished.

Notes
Turn   | Place    | Note
-------+----------+-------------------------------------------
     0 | D:1      | PurpleRed the Deep Elf Brigand began the quest for the Orb.
     0 | D:1      | Reached XP level 1. HP: 12/12 MP: 3/3
    31 | D:1      | Reached skill level 1 in Spellcasting
   166 | D:2      | Reached XP level 2. HP: 6/17 MP: 5/7
   386 | D:2      | Reached XP level 3. HP: 15/21 MP: 8/8
   391 | D:2      | Reached skill level 1 in Ice Magic
   393 | D:2      | Mangled by a gnoll

Illustrated notes

Levels and vault maps discovered:
D:1:      spicycebolla_arrival_risky_transporter, layout_loops_ring
D:2:      layout_rooms

Skill      XL: |  1  2  3 |
---------------+----------+-----
Spellcasting   | 2 |  2.8
Fighting       | 2 |  2.2
Ice Magic      | 1 |  1.1
Short Blades   | |  2.0
Throwing       | |  2.0
Dodging        | |  1.2
Stealth        | |  4.8

Action                   || total
-------------------------++-------
Melee: Dagger            ||    26
Throw: Dart              ||    18
 Stab: Sleeping          ||     3
Armor: Robe              ||     5
Dodge: Dodged            ||    11

Table legend: (Time is in decaauts)
 A = Elapsed time spent in this place.
 B = Non-inter-level travel time spent in this place.
 C = Inter-level travel time spent in this place.
 D = Time resting spent in this place.
 E = Time spent auto-exploring this place.
 F = Levels seen in this place.
 G = Mean time per level.
                   A        B        C        D        E       F      G
               +--------+--------+--------+--------+--------+-----+--------+
         Total |    388 |    374 |     14 |      0 |      0 |   2 |  194.0 |
       Dungeon |    388 |    374 |     14 |      0 |      0 |   2 |  194.0 |
               +--------+--------+--------+--------+--------+-----+--------+

Top non-repeatable levels by time:
     D:1: 254 daAuts
     D:2: 134 daAuts
